MLB
ATLANTA BRAVES @ WASHINGTON NATIONALS
08/22/2044
 
TOP OF THE 1ST
Atlanta Braves batting - Pitching for Washington Nationals : RHP Danny Diaz
Pitching: RHP Danny Diaz
Batting: LHB Colin Worthington 0-0: Ball
1-0: Ball
2-0: Ball
3-0: Called Strike
3-1: SOLO HOME RUN (Flyball, 89XD, EV 98.1 MPH), Distance : 390 ft
Batting: RHB Butch Kaiser 0-0: Ball
1-0: SINGLE (Groundball, 6M, EV 103.1 MPH) (infield hit)
Batting: LHB Tom Best 0-0: Called Strike
Butch Kaiser steals 2nd base (no throw)
0-1: Swinging Strike
0-2: Foul Ball, location: 2F
0-2: Strikes out looking
Batting: RHB Jim Zucco 0-0: Called Strike
0-1: Ball
1-1: Foul Ball, location: 2F
1-2: Fly out, F8 (Flyball, 89XD, EV 101.9 MPH)
Runner from 2nd tags up, SAFE at 3rd, no throw by CF
Batting: LHB Yasahiko Teshima 0-0: Ball
1-0: Swinging Strike
1-1: Foul Ball, location: 2F
1-2: Strikes out swinging
Top of the 1st over - 1 run, 2 hits, 0 errors, 1 left on base; Atlanta 1 - Washington 0
BOTTOM OF THE 1ST
Washington Nationals batting - Pitching for Atlanta Braves : RHP Victor Torres
Pitching: RHP Victor Torres
Batting: SHB Andrew Wray II 0-0: Ball
1-0: Fly out, F9 (Flyball, 9D, EV 101.9 MPH)
Batting: SHB Junzo Kato 0-0: Called Strike
0-1: Foul Ball, location: 2F
0-2: Foul Ball, location: 2F
0-2: Foul Ball, location: 2F
0-2: Strikes out looking
Batting: RHB C.J. Beavers 0-0: Ball
1-0: Called Strike
1-1: Ball
2-1: Swinging Strike
2-2: Ball
3-2: Base on Balls
Batting: LHB Seth Cook 0-0: Called Strike
0-1: Ball
1-1: Fly out, F8 (Flyball, 8LM, EV 95.0 MPH)
Bottom of the 1st over - 0 runs, 0 hits, 0 errors, 1 left on base; Atlanta 1 - Washington 0
TOP OF THE 2ND
Atlanta Braves batting - Pitching for Washington Nationals : RHP Danny Diaz
Batting: RHB Danny Anderson 0-0: Called Strike
0-1: SINGLE (Line Drive, 89S, EV 98.8 MPH)
Batting: RHB Ray Llewellyn 0-0: Ball
1-0: Ball
2-0: Called Strike
2-1: Ground out 4-3 (Groundball, 34, EV 102.5 MPH)
Danny Anderson to second
Batting: LHB Curt Nelson 0-0: Ball
1-0: Ball
2-0: Called Strike
2-1: Called Strike
2-2: Foul Ball, location: 2F
2-2: Ball
3-2: Strikes out looking
Batting: RHB Liu-liang Lei 0-0: Ball
1-0: Ball
2-0: Called Strike
2-1: Ball
3-1: Foul Ball, location: 2F
3-2: Strikes out swinging
Top of the 2nd over - 0 runs, 1 hit, 0 errors, 1 left on base; Atlanta 1 - Washington 0
BOTTOM OF THE 2ND
Washington Nationals batting - Pitching for Atlanta Braves : RHP Victor Torres
Batting: RHB John Sanders 0-0: Called Strike
0-1: Ball
1-1: Ball
2-1: Ground out 5-3 (Groundball, 56, EV 101.9 MPH)
Batting: LHB Armando Carbajal 0-0: Fly out, F8 (Flyball, 78D, EV 109.4 MPH)
Batting: RHB Luis Torres 0-0: Called Strike
0-1: Foul Ball, location: 2F
0-2: Ball
1-2: Hit by Pitch
Batting: RHB Tommy Baird 0-0: Ball
1-0: Called Strike
1-1: Ball
2-1: Foul Ball, location: 2F
2-2: Ball
3-2: Base on Balls
Luis Torres to second
Batting: RHB Mike Blair 0-0: Called Strike
0-1: Called Strike
0-2: Ball
1-2: Strikes out swinging
Bottom of the 2nd over - 0 runs, 0 hits, 0 errors, 2 left on base; Atlanta 1 - Washington 0
TOP OF THE 3RD
Atlanta Braves batting - Pitching for Washington Nationals : RHP Danny Diaz
Batting: LHB Colin Worthington 0-0: SOLO HOME RUN (Flyball, 9D, EV 101.9 MPH), Distance : 379 ft
Batting: RHB Butch Kaiser 0-0: Ball
1-0: Ball
2-0: Called Strike
2-1: Foul Ball, location: 2F
2-2: Strikes out swinging
Batting: LHB Tom Best 0-0: Swinging Strike
0-1: Ball
1-1: Ball
2-1: Ground out 2-3 (Groundball, 2R, EV 66.9 MPH)
Batting: RHB Jim Zucco 0-0: Ball
1-0: Swinging Strike
1-1: Swinging Strike
1-2: Ball
2-2: Foul Ball, location: 2F
2-2: Fly out, F8 (Flyball, 8LM, EV 88.8 MPH)
Top of the 3rd over - 1 run, 1 hit, 0 errors, 0 left on base; Atlanta 2 - Washington 0
BOTTOM OF THE 3RD
Washington Nationals batting - Pitching for Atlanta Braves : RHP Victor Torres
Batting: SHB Andrew Wray II 0-0: Ball
1-0: SINGLE (Flyball, 3D, EV 95.6 MPH)
Batting: SHB Junzo Kato 0-0: Ball
1-0: Ball
2-0: Called Strike
2-1: Called Strike
2-2: Ball
3-2: Foul Ball, location: 2F
3-2: SINGLE (Line Drive, 56D, EV 95.0 MPH)
Andrew Wray II to second
Runner from 2nd tries for 3rd, SAFE, throw by LF made to third
Batting: RHB C.J. Beavers 0-0: Swinging Strike
0-1: Ball
1-1: Called Strike
1-2: Grounds into double play, 6-4-3 (Groundball, 56, EV 88.8 MPH)
Andrew Wray II scores
Batting: LHB Seth Cook 0-0: Ball
1-0: Swinging Strike
1-1: Called Strike
1-2: Ball
2-2: Foul Ball, location: 2F
2-2: Foul Ball, location: 2F
2-2: Strikes out swinging
Bottom of the 3rd over - 1 run, 2 hits, 0 errors, 0 left on base; Atlanta 2 - Washington 1
TOP OF THE 4TH
Atlanta Braves batting - Pitching for Washington Nationals : RHP Danny Diaz
Batting: LHB Yasahiko Teshima 0-0: Called Strike
0-1: Called Strike
0-2: Foul Ball, location: 2F
0-2: Ball
1-2: Foul Ball, location: 2F
1-2: Ground out 3-1 (Groundball, 34S, EV 86.3 MPH)
Batting: RHB Danny Anderson 0-0: Foul Ball, location: 2F
0-1: Ball
1-1: Fly out, F8 (Flyball, 89M, EV 93.8 MPH)
Batting: RHB Ray Llewellyn 0-0: Fly out, F8 (Flyball, 8RXD, EV 108.8 MPH)
Top of the 4th over - 0 runs, 0 hits, 0 errors, 0 left on base; Atlanta 2 - Washington 1
BOTTOM OF THE 4TH
Washington Nationals batting - Pitching for Atlanta Braves : RHP Victor Torres
Batting: RHB John Sanders 0-0: Reached on error, E5 (Groundball, 56, EV 88.1 MPH)
Batting: LHB Armando Carbajal 0-0: Ball
1-0: Ball
2-0: Called Strike
2-1: Foul Ball, location: 2F
2-2: Foul Ball, location: 2F
2-2: Foul Ball, location: 2F
2-2: Foul Ball, location: 2F
2-2: Foul Ball, location: 2F
2-2: Ground out 6-3 (Groundball, 4S, EV 76.9 MPH)
John Sanders to second
Batting: RHB Luis Torres 0-0: Ball
1-0: Ball
2-0: Ground out 6-3 (Groundball, 6, EV 86.3 MPH)
John Sanders to third
Batting: RHB Tommy Baird 0-0: Ball
1-0: Called Strike
1-1: Called Strike
1-2: Ball
2-2: DOUBLE (Flyball, 89D, EV 100.0 MPH)
John Sanders scores
Batting: RHB Mike Blair 0-0: Ball
1-0: Swinging Strike
1-1: Foul Ball, location: 2F
1-2: SINGLE (Line Drive, 89M, EV 106.3 MPH)
Tommy Baird to third
Runner from 3rd tries for Home, SAFE, throw by RF to home
Batting: SHB Andrew Wray II 0-0: Called Strike
0-1: Called Strike
0-2: Ball
1-2: Foul Ball, location: 2F
1-2: Ball
2-2: Ball
3-2: SINGLE (Flyball, 9S, EV 89.4 MPH)
Mike Blair to second
Mike Blair to third
Batting: SHB Junzo Kato 0-0: Called Strike
0-1: Swinging Strike
0-2: Strikes out swinging
Bottom of the 4th over - 2 runs, 3 hits, 1 error, 2 left on base; Atlanta 2 - Washington 3
TOP OF THE 5TH
Atlanta Braves batting - Pitching for Washington Nationals : RHP Danny Diaz
Batting: LHB Curt Nelson 0-0: Called Strike
0-1: Ball
1-1: Ball
2-1: Fly out, F8 (Flyball, 8RM, EV 85.0 MPH)
Batting: RHB Liu-liang Lei 0-0: Called Strike
0-1: SOLO HOME RUN (Flyball, 7D, EV 95.0 MPH), Distance : 378 ft
Batting: LHB Colin Worthington 0-0: Swinging Strike
0-1: Called Strike
0-2: Strikes out swinging
Batting: RHB Butch Kaiser 0-0: Called Strike
0-1: Foul Ball, location: 2F
0-2: Foul Ball, location: 2F
0-2: Ground out 6-3 (Groundball, 6, EV 104.4 MPH)
Top of the 5th over - 1 run, 1 hit, 0 errors, 0 left on base; Atlanta 3 - Washington 3
BOTTOM OF THE 5TH
Washington Nationals batting - Pitching for Atlanta Braves : RHP Victor Torres
Batting: RHB C.J. Beavers 0-0: SINGLE (Groundball, 6D, EV 102.5 MPH)
Batting: LHB Seth Cook 0-0: Ball
1-0: 2-RUN HOME RUN (Line Drive, 9LD, EV 96.3 MPH), Distance : 362 ft
Batting: RHB John Sanders 0-0: Foul Ball, location: 2F
0-1: Swinging Strike
0-2: Ball
1-2: Fly out, F3 (Popup, 3F, EV 74.4 MPH)
Batting: LHB Armando Carbajal 0-0: Called Strike
0-1: Ball
1-1: Called Strike
1-2: Ground out 5-3 (Groundball, 6, EV 98.1 MPH)
Batting: RHB Luis Torres 0-0: Called Strike
0-1: Ball
1-1: Ball
2-1: Ball
3-1: Fly out, F8 (Flyball, 8RM, EV 90.0 MPH)
Bottom of the 5th over - 2 runs, 2 hits, 0 errors, 0 left on base; Atlanta 3 - Washington 5
TOP OF THE 6TH
Atlanta Braves batting - Pitching for Washington Nationals : RHP Danny Diaz
Batting: LHB Tom Best 0-0: Ball
1-0: Called Strike
1-1: TRIPLE (Line Drive, 89XD, EV 106.3 MPH)
Batting: RHB Jim Zucco 0-0: Called Strike
0-1: Ball
1-1: Fly out, F8 (Line Drive, 8RD, EV 90.6 MPH)
Runner from 3rd tags up, SCORES, throw by CF
Batting: LHB Yasahiko Teshima 0-0: Foul Ball, location: 2F
0-1: Foul Ball, location: 2F
0-2: Strikes out swinging
Batting: RHB Danny Anderson 0-0: Swinging Strike
0-1: Foul Ball, location: 2F
0-2: Ball
1-2: Strikes out swinging
Top of the 6th over - 1 run, 1 hit, 0 errors, 0 left on base; Atlanta 4 - Washington 5
BOTTOM OF THE 6TH
Washington Nationals batting - Pitching for Atlanta Braves : RHP Victor Torres
Pitching: RHP Charles Hewson
Batting: RHB Tommy Baird 0-0: Ball
1-0: Ground out 5-3 (Groundball, 56S, EV 93.1 MPH)
Batting: RHB Mike Blair 0-0: Ball
1-0: Ball
2-0: Swinging Strike
2-1: Foul Ball, location: 2F
2-2: Ball
3-2: Foul Ball, location: 2F
3-2: Ground out 6-3 (Groundball, 6, EV 86.9 MPH)
Batting: SHB Andrew Wray II 0-0: Called Strike
0-1: Called Strike
0-2: Foul Ball, location: 2F
0-2: Ball
1-2: Ground out 6-3 (Groundball, 6MS, EV 65.0 MPH)
Bottom of the 6th over - 0 runs, 0 hits, 0 errors, 0 left on base; Atlanta 4 - Washington 5
TOP OF THE 7TH
Atlanta Braves batting - Pitching for Washington Nationals : RHP Danny Diaz
Batting: RHB Ray Llewellyn 0-0: Foul Ball, location: 2F
0-1: Foul Ball, location: 2F
0-2: Ball
1-2: Ball
2-2: Ball
3-2: SINGLE (Groundball, 56D, EV 98.1 MPH)
Pitching: RHP Manuel Romero
Batting: LHB Curt Nelson Pickoff Throw to First - Error! E1
Ray Llewellyn to second
0-0: Ball
1-0: Ball
2-0: Bunt - Flyout to P! F1
Batting: RHB Liu-liang Lei 0-0: Foul Ball, location: 2F
0-1: Ball
1-1: Ball
2-1: Swinging Strike
2-2: Strikes out swinging
Batting: LHB Colin Worthington 0-0: Ball
1-0: Ball
2-0: Ball
3-0: Base on Balls
Batting: RHB Butch Kaiser 0-0: Ball
1-0: Foul Ball, location: 2F
1-1: Called Strike
1-2: Ball
2-2: Ground out 4-3 (Groundball, 4, EV 85.0 MPH)
Top of the 7th over - 0 runs, 1 hit, 1 error, 2 left on base; Atlanta 4 - Washington 5
BOTTOM OF THE 7TH
Washington Nationals batting - Pitching for Atlanta Braves : RHP Charles Hewson
Pitching: RHP Alex Montes
Batting: SHB Junzo Kato 0-0: Ground out 4-3 (Groundball, 4, EV 85.0 MPH)
Batting: RHB C.J. Beavers 0-0: Ball
1-0: Foul Ball, location: 2F
1-1: Called Strike
1-2: Ball
2-2: Fly out, F8 (Flyball, 8RS, EV 80.6 MPH)
Batting: LHB Seth Cook 0-0: Called Strike
0-1: Called Strike
0-2: Strikes out swinging
Bottom of the 7th over - 0 runs, 0 hits, 0 errors, 0 left on base; Atlanta 4 - Washington 5
TOP OF THE 8TH
Atlanta Braves batting - Pitching for Washington Nationals : RHP Manuel Romero
Pitching: LHP Chris Baran
Now at 1B: Junzo Kato
Now at 3B: Masashi Yukizawa
Now in RF: Luis Ramos
Batting: LHB Tom Best 0-0: Ball
1-0: Called Strike
1-1: Swinging Strike
1-2: Ball
2-2: Strikes out swinging, 2-3 out at first.
Batting: RHB Jim Zucco 0-0: Foul Ball, location: 2F
0-1: Ball
1-1: Fly out, F8 (Flyball, 8LD, EV 96.9 MPH)
Batting: SHB Ken Welch 0-0: Ball
1-0: Fly out, F8 (Flyball, 8LD, EV 102.5 MPH)
Top of the 8th over - 0 runs, 0 hits, 0 errors, 0 left on base; Atlanta 4 - Washington 5
BOTTOM OF THE 8TH
Washington Nationals batting - Pitching for Atlanta Braves : RHP Alex Montes
Pitching: RHP Mike Aguilar
Batting: RHB John Sanders 0-0: Called Strike
0-1: Ball
1-1: Foul Ball, location: 2F
1-2: Fly out, F8 (Flyball, 8RM, EV 91.3 MPH)
Batting: RHB Luis Ramos 0-0: Called Strike
0-1: Foul Ball, location: 2F
0-2: Foul Ball, location: 2F
0-2: Strikes out swinging
Batting: RHB Luis Torres 0-0: Called Strike
0-1: Foul Ball, location: 2F
0-2: Strikes out looking
Bottom of the 8th over - 0 runs, 0 hits, 0 errors, 0 left on base; Atlanta 4 - Washington 5
TOP OF THE 9TH
Atlanta Braves batting - Pitching for Washington Nationals : LHP Chris Baran
Now in LF: Andrew Wray II
Now in CF: Luis Ramos
Now in RF: Jared Speck
Batting: RHB Danny Anderson 0-0: Called Strike
0-1: Foul Ball, location: 2F
0-2: Foul Ball, location: 2F
0-2: Strikes out swinging
Batting: RHB Ray Llewellyn 0-0: Ball
1-0: Ball
2-0: Ball
3-0: Base on Balls
Pinch Hitting: RHB Liangde Li 0-0: Ball
1-0: Ball
2-0: Swinging Strike
2-1: Called Strike
2-2: Foul Ball, location: 2F
2-2: Foul Ball, location: 2F
2-2: Foul Ball, location: 2F
2-2: Strikes out swinging
Batting: RHB Liu-liang Lei 0-0: Ball
Ray Llewellyn is caught stealing 2nd base 2-4
Top of the 9th over - 0 runs, 0 hits, 0 errors, 0 left on base; Atlanta 4 - Washington 5
Thursday, March 31st , 2022 - OOTP Baseball 22.12 Build 89